 Dungeon Crawl Stone Soup version 0.32-a0-5-gbffa963729 (webtiles) character file.

Game seed: 11559148604085444634

44209 shadizar the Fighter (level 14, -6/112 HPs)
             Began as a Djinni Fire Elementalist on Jan 13, 2024.
             Mangled by a death yak (8 damage)
             ... on level 5 of the Lair of Beasts.
             The game lasted 00:53:17 (21549 turns).

shadizar the Fighter (Djinni Fire Elementalist)    Turns: 21549, Time: 00:53:18

Health: -6/112     AC: 27    Str: 13    XL:     14   Next: 64%
Gold:   1111       EV: 13    Int: 28    God:
                   SH:  5    Dex: 14

rFire   + + .        n - staff of earth
rCold   x . .        (no shield)
rNeg    . . .        i - +5 scale mail of Ebbeitergh {Str+6}
rPois   ∞            q - +2 helmet
rElec   .            t - +2 cloak
rCorr   .            g - +1 pair of gloves
SInv    .            (boots unavailable)
Will    +....        l - amulet of reflection Stlth
                     c - +6 ring of intelligence
HPRegen 0.38/turn    a - +4 ring of protection
MPRegen 0.00/turn

%: reflection, infuse magic (-7 HP)
@: flying
A: sickness immunity, fire resistance 2, cold vulnerability 1, float, innate
caster, HP casting, extra vitality 1
a: no special abilities


You were on level 5 of the Lair of Beasts.
You visited 3 branches of the dungeon, and saw 16 of its levels.
You also visited: Sewer and Bailey.

You collected 1325 gold pieces.
You spent 214 gold pieces at shops.

Inventory:

Hand Weapons
 y - a +3 eveningstar
 E - the +1 hand cannon "Pever" {flame, rF++ Dex+3 Stlth+}
   (You found it on level 7 of the Dungeon)

   Dex+3:     It affects your dexterity (+3).
   rF++:      It greatly protects you from fire.
   Stlth+:    It makes you more stealthy.
 F - the +5 quarterstaff of Plog {flame, Int-5 Dex+3 Stlth+}
   (You found it on level 2 of the Lair of Beasts)

   Int-5:     It affects your intelligence (-5).
   Dex+3:     It affects your dexterity (+3).
   Stlth+:    It makes you more stealthy.
 I - a +1 demon whip of venom
Armour
 g - a +1 pair of gloves (worn)
 i - the +5 scale mail of Ebbeitergh (worn) {Str+6}
   (You found it on level 5 of the Dungeon)

   Str+6:     It affects your strength (+6).
 q - a +2 helmet (worn)
 t - a +2 cloak (worn)
 u - a +2 leather armour of willpower
 x - a +0 troll leather armour {Pargi}
 A - the +0 scale mail of the Bells {Rampage Str+2 Int+6 Stlth-}
   (You found it on level 4 of the Dungeon)

   Str+2:     It affects your strength (+2).
   Int+6:     It affects your intelligence (+6).
   Rampage:   It bestows one free step when moving towards enemies.
   Stlth-:    It makes you less stealthy.
Magical Staves
 n - a staff of earth (weapon)
Jewellery
 a - a +4 ring of protection (right hand)
 c - a +6 ring of intelligence (left hand)
 k - a ring of ice
 l - an amulet of reflection (around neck)
Wands
 j - a wand of paralysis (16)
 r - a wand of flame (20)
 v - a wand of acid (14)
 C - a wand of mindburst (2)
 K - a wand of digging (7)
Scrolls
 e - a scroll of brand weapon {unknown}
 h - 3 scrolls of teleportation
 H - 3 scrolls of fog
Potions
 b - a potion of might
 d - 5 potions of enlightenment
 f - a potion of lignification
 m - a potion of brilliance {unknown}
 o - 4 potions of resistance
 p - a potion of magic {unknown}
 s - 2 potions of berserk rage {unknown}
 w - 2 potions of invisibility
 z - 2 potions of degeneration {unknown}
 B - a potion of haste {unknown}
 J - a potion of mutation
Miscellaneous
 G - a lightning rod (4/4)


   Skills:
 + Level 14.1 Fighting
 - Level 10.0 Armour
 - Level 11.1 Dodging
 - Level 1.5 Stealth
 * Level 12.3 Spellcasting
 * Level 12.3 Conjurations
 * Level 12.3 Hexes
   Level 0.0 Charms
 * Level 12.3 Summonings
 * Level 12.3 Necromancy
 * Level 12.3 Translocations
   Level 0.0 Transmutations
 * Level 12.3 Fire Magic
 * Level 12.3 Ice Magic
 * Level 12.3 Air Magic
 * Level 12.3 Earth Magic
 * Level 12.3 Alchemy


You knew the following spells:

 Your Spells              Type           Power      Damage    Failure   Level
a - Foxfire               Conj/Fire      100%       2x1d9     1%          1
b - Scorch                Fire           100%       2d9       1%          2
c - Volatile Blastmotes   Fire/Tloc      100%       2d18      1%          3
d - Inner Flame           Hex/Fire       72%        N/A       1%          3
e - Flame Wave            Conj/Fire      72%        2d16      1%          4
f - Apportation           Tloc           100%       N/A       1%          1
g - Mercury Vapours       Alch/Air       100%       N/A       1%          2
h - Lesser Beckoning      Tloc           100%       N/A       1%          2
i - Confusing Touch       Hex            72%        N/A       1%          3
j - Animate Dead          Necr           72%        N/A       1%          4
k - Alistair's Intoxicat  Alch           48%        N/A       1%          5
Your spell library was empty.

Dungeon Overview and Level Annotations

Branches:
Dungeon (10/15)            Temple (1/1) D:5            Lair (5/5) D:10
 Shoals (0/4) Lair:2       Spider (0/4) Lair:3          Orc (0/2) D:10
  Sewer (visited)          Bailey (visited)
  Slime: Lair:4-5

Altars:
Ashenzari
Cheibriados
Dithmenos
Elyvilon
Fedhas
Gozag
Hepliaklqana
Makhleb
Nemelex Xobeh
Okawaru
Qazlal
Ru
Trog
Uskayaw
Wu Jian
Xom
Yredelemnul
Zin
The Shining One
Jiyva

Shops:
D:10 ([

Annotations:
D:2 1 runed translucent door, Crazy Yiuf
D:7 Jeremiah
Lair:4 exclusion: 3 oklob plants


Innate Abilities, Weirdness & Mutations

You are immune to sickness and miasma.
You are immune to poison.
Your flesh is very heat resistant. (rF++)
You are vulnerable to cold. (rC-)
You float through the air rather than walking.
You learn spells naturally, not from books.
Your magical power is your life essence.
You have superior vitality. (+4 MHP)


Message History

You feel much better.
Your black mamba zombie bites the death yak but does no damage.
The death yak gores your black mamba zombie.
The death yak gores you!
* * * LOW HITPOINT WARNING * * *
Your black mamba zombie bites the death yak but does no damage.
Something barely misses your black mamba zombie.
The death yak is no longer more vulnerable to fire.
Your wolf zombie closely misses the death yak.
Your wolf zombie bites the death yak.
Your wolf zombie bites the death yak but does no damage.
Your black mamba zombie barely misses the death yak.
The death yak gores your wolf zombie!
Your elephant zombie tramples the fungus!
The fungus begins to die.
Your elephant zombie trunk-slaps the fungus.
Your black mamba zombie bites the death yak but does no damage.
Your wolf zombie bites the death yak!
The death yak attacks as it pursues you!
The death yak gores you!!
* * * LOW HITPOINT WARNING * * *
The death yak gores your black mamba zombie!
Your black mamba zombie is destroyed!
Your wolf zombie bites the death yak.
Unknown command.
Okay, then.
Casting: Scorch (safe; 1% risk of failure)
Confirm with . or Enter, or press ? or * to list all spells.
Okay, then.
Unknown command.
Aiming: Paralyse
Press: ? - help, Shift-Dir - straight line, f - death yak
Aim: a death yak (chance to affect: 1%)
The death yak resists with almost no effort.
The death yak gores your elephant zombie.
Your elephant zombie tramples the death yak!
The death yak stumbles backwards!
Your wolf zombie bites the death yak.
The death yak barely misses your wolf zombie.
The death yak gores you!
You die...

#............................
.#...............................
.................................
.................................
...Y.............................
###....###.###........## #.....
##....########......##.## #.....
..#...##P.##..#.<..#.##.####...##
.......#.....#..@...............P
.#..Y..#.....#..Y..##............
.##.Y...#.....#....^.#.....##...P
P#.....#......P.P...##....## ...#
###....##.....PP.Y.P###....# ...#
.#...Y.##..##..PZ..####...## ...#
.#...Y..#..###.Z......#....#...#.
................Y...............h
..(..<......†...................


You could see 3 death yaks, a friendly wolf zombie and a friendly elephant
zombie.

Vanquished Creatures
  A hydra (Lair:5)
  A death yak (Lair:4)
  2 two-headed ogres
  2 skysharks
  A pharaoh ant (Lair:3)
  A lindwurm (Lair:5)
  Pikel (D:6)
  An ugly thing (D:7)
  A cyclops (D:7)
  A black mamba (Lair:3)
  A merfolk siren (Lair:2)
  5 elephants (Lair:3)
  A torpor snail (Lair:1)
  A gargoyle (D:10)
  11 cane toads
  An orange demon (Lair:3)
  3 rime drakes
  7 komodo dragons
  A polar bear (Lair:1)
  3 hornets
  5 dream sheep (Lair:4)
  A slime creature (D:7)
  3 wraiths
  5 basilisks
  43 yaks
  7 wyverns
  A warg (Lair:4)
  4 steam dragons
  28 water moccasins
  Pargi (Sewer)
  2 ice beasts
  A black bear (D:3)
  11 orc warriors
  4 sky beasts
  27 wolves
  3 centaurs
  3 phantoms (D:5)
  18 bullfrogs
  8 scorpions
  4 wights
  A killer bee (D:7)
  5 electric eels
  5 howler monkeys
  2 bombardier beetles (D:3)
  2 lava snakes (Lair:4)
  7 orc priests
  3 gnoll boudas
  2 hounds
  4 jellies
  Ijyb (D:3)
  11 iguanas
  5 sleepcaps
  Terence (D:3)
  6 orc wizards
  Robin (D:3)
  15 gnolls
  19 adders
  3 shadow imps
  3 white imps
  2 ufetubi (D:5)
  2 ribbon worms
  2 dart slugs
  46 orcs
  6 ball pythons
  3 bats
  6 endoplasms
  6 giant cockroaches
  11 hobgoblins
  10 jackals
  7 quokkas
  2 frilled lizards
  23 goblins
  17 kobolds
  3 rats
467 creatures vanquished.

Vanquished Creatures (collateral kills)
  A boulder beetle (Lair:5)
  A death yak (Lair:5)
  Amaemon (Lair:3)
  A black mamba (Lair:5)
  2 elephants (Lair:5)
  A cane toad (Lair:5)
  2 komodo dragons (Lair:5)
  2 rime drakes
  A dream sheep (Lair:4)
  A jumping spider (Lair:3)
  8 yaks
  3 water moccasins (Lair:4)
  2 wolves (Lair:5)
  29 foxfires
55 creatures vanquished.

Vanquished Creatures (others)
  A boulder beetle zombie (Lair:5)
  A black mamba zombie (Lair:5)
  2 cane toad zombies (Lair:5)
  A komodo dragon zombie (Lair:5)
  A kobold brigand (D:10)
  12 yak zombies
  6 wolf zombies (Lair:5)
  A quokka (D:7)
  1247 foxfires
1272 creatures vanquished.

Grand Total: 1794 creatures vanquished

Notes
Turn   | Place    | Note
-------+----------+-------------------------------------------
     0 | D:1      | shadizar the Djinni Fire Elementalist began the quest for
                  | the Orb.
     0 | D:1      | shadizar set off with the following spells memorised:
                  | Foxfire, Scorch, Volatile Blastmotes, Inner Flame, Flame
                  | Wave.
     0 | D:1      | Reached XP level 1. HP: 15/15 MP: 0/0
   302 | D:1      | Reached skill level 1 in Fighting
   302 | D:1      | Reached XP level 2. HP: 19/22 MP: 0/0
   987 | D:2      | Reached XP level 3. HP: 25/28 MP: 0/0
   987 | D:2      | Learned a level 1 spell: Apportation
  1036 | D:2      | Found a glowing silver altar of Zin.
  1041 | D:2      | Reached skill level 2 in Fighting
  1318 | D:2      | Reached XP level 4. HP: 30/34 MP: 0/0
  2087 | D:2      | Found a runed translucent door.
  2088 | D:2      | Noticed Crazy Yiuf
  2280 | D:3      | Noticed a scorpion
  2286 | D:3      | Killed a scorpion
  2287 | D:3      | Reached skill level 3 in Fighting
  2287 | D:3      | Reached XP level 5. HP: 36/40 MP: 0/0
  2287 | D:3      | Learned a level 2 spell: Mercury Vapours
  2388 | D:3      | Reached skill level 4 in Fighting
  2412 | D:3      | Noticed a black bear
  2424 | D:3      | Killed a black bear
  2425 | D:3      | Reached XP level 6. HP: 37/48 MP: 0/0
  2427 | D:3      | Found an opulent altar of Gozag.
  2472 | D:3      | Found a shadowy altar of Dithmenos.
  2536 | D:3      | Found a hide-covered altar of Uskayaw.
  2570 | D:3      | Found a basalt altar of Yredelemnul.
  2592 | D:3      | Noticed Terence
  2596 | D:3      | Killed Terence
  2597 | D:3      | Reached skill level 5 in Fighting
  2615 | D:3      | Noticed Ijyb
  2626 | D:3      | Killed Ijyb
  2631 | D:3      | Reached XP level 7. HP: 40/54 MP: 0/0
  2631 | D:3      | Learned a level 2 spell: Lesser Beckoning
  3227 | D:3      | Noticed Robin
  3234 | D:3      | Killed Robin
  3329 | D:4      | Found a glowing drain.
  3344 | Sewer    | Entered a sewer
  3403 | Sewer    | Noticed Pargi
  3408 | Sewer    | Killed Pargi
  3500 | D:4      | Reached skill level 6 in Fighting
  3515 | D:4      | Identified the +0 scale mail of the Bells {Rampage Str+2
                  | Int+6 Stlth-}
  3770 | D:4      | Reached XP level 8. HP: 55/62 MP: 0/0
  4250 | D:5      | Entered Level 5 of the Dungeon
  4420 | D:5      | Reached skill level 1 in Armour
  4420 | D:5      | Reached skill level 5 in Spellcasting
  4420 | D:5      | Reached skill level 5 in Conjurations
  4420 | D:5      | Reached skill level 5 in Hexes
  4420 | D:5      | Reached skill level 5 in Summonings
  4420 | D:5      | Reached skill level 5 in Necromancy
  4420 | D:5      | Reached skill level 5 in Translocations
  4420 | D:5      | Reached skill level 5 in Fire Magic
  4420 | D:5      | Reached skill level 5 in Ice Magic
  4420 | D:5      | Reached skill level 5 in Air Magic
  4420 | D:5      | Reached skill level 5 in Earth Magic
  4420 | D:5      | Reached skill level 5 in Alchemy
  4558 | D:5      | Found a staircase to the Ecumenical Temple.
  4573 | Temple   | Entered the Ecumenical Temple
  4911 | D:5      | You are sucked into a shaft and drop 3 floors!
  4938 | D:7      | Found a flagged portal.
  4950 | D:7      | Reached skill level 7 in Fighting
  4957 | D:7      | Found a white marble altar of Elyvilon.
  4987 | Bailey   | Entered a bailey
  5269 | Bailey   | Reached XP level 9. HP: 57/68 MP: 0/0
  5269 | Bailey   | Learned a level 3 spell: Confusing Touch
  5650 | Bailey   | Reached skill level 9 in Fighting
  5650 | Bailey   | Reached XP level 10. HP: 79/79 MP: 0/0
  5990 | Bailey   | Noticed an orc knight
  5990 | Bailey   | Noticed an orc knight
  6216 | D:7      | Noticed Jeremiah
  6703 | D:5      | Reached skill level 10 in Fighting
  6813 | D:5      | Identified the +5 scale mail of Ebbeitergh {Str+6}
  8088 | D:7      | Noticed a cyclops
  8095 | D:7      | Killed a cyclops
  8106 | D:7      | Reached XP level 11. HP: 66/85 MP: 0/0
  8106 | D:7      | Learned a level 4 spell: Animate Dead
  8128 | D:7      | Noticed a two-headed ogre
  8378 | D:7      | Noticed Pikel
  8388 | D:6      | Killed Pikel
  8508 | D:7      | Noticed a brown ugly thing
  9429 | D:8      | Noticed a two-headed ogre
  9502 | D:8      | Killed a two-headed ogre
 11106 | D:10     | Entered Level 10 of the Dungeon
 11275 | D:10     | Found a blossoming altar of Fedhas.
 11590 | D:10     | Found a staircase to the Lair.
 11645 | D:10     | Found Hoinor's Weapon Boutique.
 11647 | D:10     | Found a staircase to the Orcish Mines.
 11688 | D:10     | HP: 3/86 [gargoyle/stone arrow (7)]
 11912 | D:10     | Found Ytutredu's Armour Boutique.
 11940 | D:10     | Reached skill level 11 in Fighting
 12041 | D:10     | Bought a +2 cloak for 214 gold pieces
 12388 | Lair:1   | Entered Level 1 of the Lair of Beasts
 12397 | Lair:1   | Reached skill level 10 in Dodging
 12521 | D:10     | Reached XP level 12. HP: 61/94 MP: 0/0
 14182 | D:10     | Reached skill level 12 in Fighting
 15361 | D:7      | Killed a two-headed ogre
 15362 | D:7      | Reached XP level 13. HP: 86/101 MP: 0/0
 15362 | D:7      | Learned a level 5 spell: Alistair's Intoxication
 15634 | D:7      | Identified the +1 hand cannon "Pever" {flame, rF++ Dex+3
                  | Stlth+}
 15995 | Lair:2   | Identified the +5 quarterstaff of Plog {flame, Int-5 Dex+3
                  | Stlth+}
 16528 | Lair:2   | Reached skill level 10 in Armour
 16770 | Lair:2   | Found a staircase to the Shoals.
 17143 | Lair:3   | Reached skill level 10 in Spellcasting
 17143 | Lair:3   | Reached skill level 10 in Conjurations
 17143 | Lair:3   | Reached skill level 10 in Hexes
 17143 | Lair:3   | Reached skill level 10 in Summonings
 17143 | Lair:3   | Reached skill level 10 in Necromancy
 17143 | Lair:3   | Reached skill level 10 in Translocations
 17143 | Lair:3   | Reached skill level 10 in Fire Magic
 17143 | Lair:3   | Reached skill level 10 in Ice Magic
 17143 | Lair:3   | Reached skill level 10 in Air Magic
 17143 | Lair:3   | Reached skill level 10 in Earth Magic
 17143 | Lair:3   | Reached skill level 10 in Alchemy
 17286 | Lair:3   | Found a hole to the Spider Nest.
 17942 | Lair:3   | Reached skill level 13 in Fighting
 18081 | Lair:3   | Noticed Amaemon
 18098 | Lair:3   | Killed Amaemon
 18822 | Lair:4   | Reached XP level 14. HP: 70/110 MP: 0/0
 19716 | Lair:4   | Found a viscous altar of Jiyva.
 20230 | Lair:5   | Entered Level 5 of the Lair of Beasts
 21505 | Lair:5   | Reached skill level 14 in Fighting
 21548 | Lair:5   | HP: 1/112 [death yak (19)]
 21549 | Lair:5   | Mangled by a death yak

Illustrated notes

Levels and vault maps discovered:
D:1:      spicycebolla_green_bress_n_ham, layout_loops_corners
D:2:      wad_woods_stonehenge, layout_basic, kennysheep_path_1,
          minmay_tetromino_o2, uniq_crazy_yiuf_cottage
D:3:      kennysheep_goblin_castle, layout_rooms,
          nicolae_overflow_quartered_altars, serial_curves, eino_curves_01,
          eino_curves_02, nrook_loot_triangle, grunt_decor_clamped,
          grunt_ministairs_1, uniq_terence, uniq_robin, uniq_ijyb
D:4:      nicolae_cairo_tiling, layout_rooms, portal_sewer_entry_a,
          minmay_misc_feat_x
D:5:      minmay_polygon_palace, layout_loops_ring,
          minmay_temple_entry_mini_moons
D:6:      layout_basic
D:7:      nzn_winding_woodlands_stair_cross
          [nzn_winding_woodlands_5x15_sidewinder,
          nzn_winding_woodlands_center_garden,
          nzn_winding_woodlands_5x15_pockets, nzn_winding_woodlands_5x5_cross,
          nzn_winding_woodlands_5x5_default,
          nzn_winding_woodlands_5x15_longhouse,
          nzn_winding_woodlands_center_diamonds,
          nzn_winding_woodlands_5x15_crooked], layout_rooms, elyvilon_altar_4,
          enter_bailey_3, uniq_pikel, uniq_jeremiah
D:8:      layout_basic, eino_tiny_chamber, st_stairs_14
D:9:      layout_roguey
D:10:     layout_irregular_city, nicolae_overflow_squiral, orc_david_3
Temple:   regret_index_temple_waves
Lair:1:   lemuel_reptile_caves, layout_hall_layers
Lair:2:   layout_cave_pods, elwin_shoals_entry_rooms
Lair:3:   layout_chaotic_city, nicolae_spider_entry_lesser_pyramids,
          chequers_serial_rivers_micro_b, uniq_amaemon
Lair:4:   layout_roguey, minmay_slime_entry_oklob_open,
          nicolae_lair_liquid_snakes
Lair:5:   hangedman_lair_caniforms_friends, layout_regular_city, wormcave

Skill      XL: |  1  2  3  4  5  6  7  8  9 10 11 12 13 14 |
---------------+-------------------------------------------+-----
Fighting       | 1 2 3 4 5 6 7 9 10 11 12 13 14 | 14.1
Spellcasting   | 4 5 7 8 9 11 12 | 12.3
Conjurations   | 4 5 7 8 9 11 12 | 12.3
Hexes          | 4 5 7 8 9 11 12 | 12.3
Summonings     | 4 5 7 8 9 11 12 | 12.3
Necromancy     | 4 5 7 8 9 11 12 | 12.3
Translocations | 4 5 7 8 9 11 12 | 12.3
Fire Magic     | 4 5 7 8 9 11 12 | 12.3
Ice Magic      | 4 5 7 8 9 11 12 | 12.3
Air Magic      | 4 5 7 8 9 11 12 | 12.3
Earth Magic    | 4 5 7 8 9 11 12 | 12.3
Alchemy        | 4 5 7 8 9 11 12 | 12.3
Armour         | 2 6 7 8 9 10 | 10.0
Dodging        | 4 8 10 11 | 11.1
Stealth        | |  1.5

Action                     |  1- 3 |  4- 6 |  7- 9 | 10-12 | 13-15 || total
---------------------------+-------+-------+-------+-------+-------++-------
  Melee: Unarmed           |     1 |     1 |       |       |       ||     2
         Staff             |       |     5 |     3 |     4 |     6 ||    18
   Cast: Foxfire           |    64 |    92 |   180 |   352 |    99 ||   787
         Scorch            |     8 |     7 |    39 |   355 |   353 ||   762
         Mercury Vapours   |       |       |       |    18 |    31 ||    49
         Volatile Blastmot |       |       |       |     8 |       ||     8
         Flame Wave        |       |       |       |     4 |    25 ||    29
         Animate Dead      |       |       |       |       |    10 ||    10
         Confusing Touch   |       |       |       |       |     1 ||     1
         Alistair's Intoxi |       |       |       |       |     1 ||     1
  Evoke: Wand              |       |       |       |     2 |     1 ||     3
    Use: Scroll            |       |       |    13 |     6 |     4 ||    23
         Potion            |       |       |     2 |     5 |     7 ||    14
 Armour: Robe              |    13 |     5 |     6 |       |       ||    24
         Scale mail        |       |       |    23 |   393 |   315 ||   731
  Dodge: Dodged            |     7 |     8 |    27 |   319 |   195 ||   556
  Block: Other             |       |     1 |    11 |   102 |    54 ||   168
         Reflection        |       |       |     6 |     7 |     2 ||    15

Table legend: (Time is in decaauts)
 A = Elapsed time spent in this place.
 B = Non-inter-level travel time spent in this place.
 C = Inter-level travel time spent in this place.
 D = Time resting spent in this place.
 E = Time spent auto-exploring this place.
 F = Levels seen in this place.
 G = Mean time per level.
                   A        B        C        D        E       F      G
               +--------+--------+--------+--------+--------+-----+--------+
         Total |  21578 |  21039 |    539 |      0 |  16178 |  18 | 1198.8 |
       Dungeon |  13374 |  12944 |    430 |      0 |  10084 |  10 | 1337.4 |
        Temple |      7 |      7 |      0 |      0 |      6 |   1 |    7.0 |
          Lair |   7066 |   6957 |    109 |      0 |   5349 |   5 | 1413.2 |
         Sewer |    123 |    123 |      0 |      0 |     46 |   1 |  123.0 |
        Bailey |   1005 |   1005 |      0 |      0 |    693 |   1 | 1005.0 |
               +--------+--------+--------+--------+--------+-----+--------+

Top non-repeatable levels by time:
    D:10: 2298 daAuts
  Lair:4: 2114 daAuts
  Lair:3: 1558 daAuts
     D:8: 1558 daAuts
     D:7: 1500 daAuts
     D:6: 1398 daAuts
  Lair:1: 1393 daAuts
     D:9: 1322 daAuts
     D:2: 1273 daAuts
  Lair:2: 1233 daAuts
     D:5: 1171 daAuts
     D:3: 1061 daAuts
  Bailey: 1005 daAuts
     D:1: 982 daAuts
     D:4: 808 daAuts
